 Dungeon Crawl Stone Soup version 0.30-a0-953-g5f1da4a474 (webtiles) character file.

Game seed: 15636612519829063427

1268 BillyBaka the Covered (level 8, 0/58 HPs)
             Began as a Gnoll Wanderer on Mar 28, 2023.
             Was a Follower of Okawaru.
             Slain by a hound (2 damage)
             ... on level 5 of the Dungeon.
             The game lasted 00:23:56 (4151 turns).

BillyBaka the Covered (Gnoll Wanderer)              Turns: 4151, Time: 00:23:57

Health: 0/58       AC:  7    Str:  8    XL:     8   Next: 53%
Magic:  11/14      EV: 12    Int: 20    God:    Okawaru [*.....]
Gold:   220        SH:  0    Dex: 15    Spells: 13/16 levels left

rFire   . . .      SeeInvis .    a - +2 falchion
rCold   . . .      Faith    .    (no shield)
rNeg    . . .      Spirit   .    o - +0 leather armour
rPois   .          Reflect  .    k - +1 helmet
rElec   .          Rampage  .    (no cloak)
rCorr   .                        m - +0 pair of gloves
Will    .....                    (no boots)
Stlth   ++                       p - amulet of magic regeneration
HPRegen 0.29/turn                j - +6 ring of intelligence
MPRegen 0.54/turn                x - ring of flight

@: flying
A: fangs 1, strong nose, distributed training
a: Renounce Religion, Heroism


You were on level 5 of the Dungeon.
You worshipped Okawaru.
Okawaru was aware of your devotion.
You visited 1 branch of the dungeon, and saw 5 of its levels.

You collected 220 gold pieces.

Inventory:

Hand Weapons
 a - a +2 falchion (weapon)
Missiles
 i - 5 poisoned darts
 y - a boomerang (quivered)
Armour
 k - a +1 helmet (worn)
 m - a +0 pair of gloves (worn)
 o - a +0 leather armour (worn)
Jewellery
 h - a ring of fire
 j - a +6 ring of intelligence (left hand)
 p - an amulet of magic regeneration (around neck)
 x - a ring of flight (right hand)
Wands
 d - a wand of flame (3)
 B - a wand of digging (5)
Scrolls
 b - a scroll of torment {unknown}
 e - a scroll of poison {unknown}
 f - a scroll of immolation {unknown}
 g - 2 scrolls of enchant armour {unknown}
 l - 2 scrolls of vulnerability {unknown}
 n - a scroll of enchant weapon {unknown}
 r - 2 scrolls of brand weapon {unknown}
 s - a scroll of fog {unknown}
 u - 3 scrolls of identify {unknown}
 v - a scroll of noise {unknown}
Potions
 q - a potion of mutation {unknown}
 t - a potion of attraction
 w - a potion of degeneration {unknown}
 A - a potion of resistance {unknown}
 C - 2 potions of curing {unknown}


   Skills:
 + Level 3.5 Fighting
 + Level 3.5 Short Blades
 + Level 5.8 Long Blades
 + Level 3.5 Axes
 + Level 3.5 Maces & Flails
 + Level 3.5 Polearms
 + Level 3.5 Staves
 + Level 3.5 Ranged Weapons
 + Level 4.4 Throwing
 + Level 5.8 Armour
 + Level 3.5 Dodging
 + Level 4.2 Stealth
 + Level 3.5 Shields
 + Level 3.5 Unarmed Combat
 + Level 4.5 Spellcasting
 + Level 2.8 Conjurations
 + Level 2.8 Hexes
 + Level 2.8 Summonings
 + Level 2.8 Necromancy
 + Level 2.8 Translocations
 + Level 2.8 Transmutations
 + Level 2.8 Fire Magic
 + Level 2.8 Ice Magic
 + Level 4.8 Air Magic
 + Level 2.8 Earth Magic
 + Level 2.8 Poison Magic
 + Level 4.7 Invocations
 + Level 3.5 Evocations


You had 13 spell levels left.
You knew the following spells:

 Your Spells              Type           Power      Damage    Failure   Level
a - Stone Arrow           Conj/Erth      32%        3d9       16%         3

Your spell library contained the following spells:

 Spells                   Type           Power      Damage    Failure   Level
 Sandblast                Erth           32%        2d9       4%          1
 Static Discharge         Conj/Air       40%        2-4/arc   4%          2
 Cigotuvi's Dreadful Rot  Necr/Pois/Air  36%        N/A       6%          2
 Passwall                 Tmut/Erth      13%        N/A       8%          2
 Dazzling Flash           Conj/Hex       32%        N/A       16%         3
 Inner Flame              Hex/Fire       16%        N/A       16%         3
 Flame Wave               Conj/Fire      16%        2d7       45%         4
 Iskenderun's Mystic Bla  Conj/Tloc      16%        2d5       45%         4
 Sticky Flame             Conj/Fire      16%        2d4       45%         4
 Starburst                Conj/Fire      8%         6d4       100%        6


Dungeon Overview and Level Annotations

Branches:
Dungeon (5/15)
 Temple: D:4-7

Altars:
Okawaru
Zin

Shops:
D:2 =


Innate Abilities, Weirdness & Mutations

You have very sharp teeth.
Your uncanny sense of smell can sniff out nearby items.
Your experience applies equally to all skills.


Message History

The hound bites you but does no damage.
Okay, then.
Casting: Stone Arrow (dangerous; 16% risk of failure)
Confirm with . or Enter, or press ? or * to list all spells.
Aiming: Stone Arrow (dangerous; 16% risk of failure)
Press: ? - help, Shift-Dir - straight line, f - ice beast
Aim: an ice beast (severely wounded, 68% to hit)
The stone arrow hits the ice beast!
The ice beast is almost dead.
The hound bites you.
* * * LOW HITPOINT WARNING * * *
The ice beast closely misses you. The hound bites you but does no damage.
You barely miss the ice beast.
The ice beast is almost dead.
The ice beast barely misses you. The hound barely misses you.
You hit the ice beast but do no damage.
The ice beast is almost dead.
The hound barely misses you. The ice beast misses you.
The hound completely misses you.
You closely miss the ice beast.
The ice beast is almost dead.
The ice beast hits you but does no damage.
The hound closely misses you.
You hit the ice beast.
You kill the ice beast!
Okawaru accepts your kill. The hound closely misses you.
The hound bites you but does no damage.
You hit the hound.
The hound is lightly wounded.
The hound bites you.
* * * LOW HITPOINT WARNING * * *
Casting: Stone Arrow (dangerous; 16% risk of failure)
Confirm with . or Enter, or press ? or * to list all spells.
Aiming: Stone Arrow (dangerous; 16% risk of failure)
Press: ? - help, Shift-Dir - straight line, f - hound
Aim: a hound (lightly wounded, 56% to hit)
The stone arrow hits the hound!
The hound is almost dead.
The hound bites you.
You die...

..#.......#.##.
...........#....
...............
##...........##
..............#.
................
#...............
#.....†@......#
#.##..##.)#h......
..#....##........#
.................
#. #..#..).#.......
...#..###..#.......
...#...#†.##...^...
......§............
#.#.....§..#......


You could see a hound.

Vanquished Creatures
  Grinder (D:3)
  2 ice beasts (D:5)
  A black bear (D:3)
  An ogre (D:4)
  A centaur (D:5)
  A phantom (D:4)
  2 scorpions (D:5)
  A howler monkey (D:5)
  An orc priest (D:3)
  3 iguanas
  3 orc wizards
  4 gnolls (D:3)
  9 adders
  A white imp (D:5)
  An ufetubus (D:4)
  3 dart slugs
  5 orcs
  3 bats
  8 endoplasms
  6 giant cockroaches
  8 goblins
  2 hobgoblins (D:1)
  8 jackals
  3 quokkas
  9 ball pythons
  6 kobolds
  6 rats
99 creatures vanquished.

Notes
Turn   | Place    | Note
-------+----------+-------------------------------------------
     0 | D:1      | BillyBaka the Gnoll Wanderer began the quest for the Orb.
     0 | D:1      | BillyBaka set off with the following items: a +2 falchion,
                  | a +0 scale mail, a scroll of blinking; and the following
                  | spells available to memorise: Static Discharge, Cigotuvi's
                  | Dreadful Rot.
     0 | D:1      | Reached XP level 1. HP: 13/13 MP: 4/4
    91 | D:1      | Reached XP level 2. HP: 17/19 MP: 5/5
   377 | D:1      | Reached XP level 3. HP: 23/25 MP: 7/7
  1126 | D:2      | Found Peqaokk's Jewellery Emporium.
  1313 | D:2      | Reached skill level 1 in Fighting
  1313 | D:2      | Reached skill level 1 in Short Blades
  1313 | D:2      | Reached skill level 1 in Axes
  1313 | D:2      | Reached skill level 1 in Maces & Flails
  1313 | D:2      | Reached skill level 1 in Polearms
  1313 | D:2      | Reached skill level 1 in Staves
  1313 | D:2      | Reached skill level 1 in Ranged Weapons
  1313 | D:2      | Reached skill level 1 in Dodging
  1313 | D:2      | Reached skill level 1 in Shields
  1313 | D:2      | Reached skill level 1 in Unarmed Combat
  1313 | D:2      | Reached skill level 1 in Evocations
  1422 | D:2      | Reached XP level 4. HP: 29/32 MP: 8/8
  1680 | D:2      | Reached skill level 1 in Conjurations
  1680 | D:2      | Reached skill level 1 in Hexes
  1680 | D:2      | Reached skill level 1 in Summonings
  1680 | D:2      | Reached skill level 1 in Necromancy
  1680 | D:2      | Reached skill level 1 in Translocations
  1680 | D:2      | Reached skill level 1 in Transmutations
  1680 | D:2      | Reached skill level 1 in Fire Magic
  1680 | D:2      | Reached skill level 1 in Ice Magic
  1680 | D:2      | Reached skill level 1 in Earth Magic
  1680 | D:2      | Reached skill level 1 in Poison Magic
  1948 | D:3      | Noticed Grinder
  1952 | D:3      | Noticed a black bear
  1965 | D:3      | Paralysed by Grinder for 5 turns
  2160 | D:3      | Found a glowing silver altar of Zin.
  2201 | D:3      | Reached XP level 5. HP: 36/37 MP: 9/9
  2506 | D:3      | Paralysed by Grinder for 3 turns
  2511 | D:3      | Paralysed by Grinder for 4 turns
  2757 | D:3      | Killed a black bear
  2758 | D:3      | Reached skill level 5 in Long Blades
  2758 | D:3      | Reached skill level 5 in Armour
  2758 | D:3      | Reached XP level 6. HP: 41/44 MP: 9/11
  2921 | D:3      | Paralysed by Grinder for 4 turns
  2937 | D:3      | Killed Grinder
  2938 | D:3      | Reached XP level 7. HP: 20/51 MP: 12/12
  3091 | D:4      | Learned a level 3 spell: Stone Arrow
  3277 | D:4      | Found an iron altar of Okawaru.
  3287 | D:4      | Became a worshipper of Warmaster Okawaru
  3771 | D:5      | Entered Level 5 of the Dungeon
  3914 | D:5      | Reached * piety under Okawaru
  3915 | D:5      | Reached XP level 8. HP: 58/58 MP: 0/14
  4145 | D:5      | HP: 2/58 [hound (3)]
  4150 | D:5      | HP: 1/58 [hound (2)]
  4151 | D:5      | Slain by a hound

Illustrated notes

Levels and vault maps discovered:
D:1:      dpeg_arrival_pond, layout_basic
D:2:      layout_loops_ring, serial_shops, shop, kennysheep_generic_room_13
D:3:      layout_basic, lemuel_tele_altar, serial_bayou_ford_a, uniq_grinder
D:4:      layout_rooms, okawaru_metal_pillars_1_2
D:5:      layout_cave_pools, minmay_temple_entry_overgrown,
          minmay_misc_feat_tiny

Skill      XL: |  1  2  3  4  5  6  7  8 |
---------------+-------------------------+-----
Fighting       | 1 2 3 |  3.5
Short Blades   | 1 2 3 |  3.5
Axes           | 1 2 3 |  3.5
Maces & Flails | 1 2 3 |  3.5
Polearms       | 1 2 3 |  3.5
Staves         | 1 2 3 |  3.5
Ranged Weapons | 1 2 3 |  3.5
Dodging        | 1 2 3 |  3.5
Shields        | 1 2 3 |  3.5
Unarmed Combat | 1 2 3 |  3.5
Evocations     | 1 2 3 |  3.5
Spellcasting   | 3 4 |  4.5
Conjurations   | 1 2 |  2.8
Hexes          | 1 2 |  2.8
Summonings     | 1 2 |  2.8
Necromancy     | 1 2 |  2.8
Translocations | 1 2 |  2.8
Transmutations | 1 2 |  2.8
Fire Magic     | 1 2 |  2.8
Ice Magic      | 1 2 |  2.8
Earth Magic    | 1 2 |  2.8
Poison Magic   | 1 2 |  2.8
Invocations    | 3 4 |  4.7
Throwing       | 3 4 |  4.4
Air Magic      | 4 |  4.8
Long Blades    | 5 |  5.8
Armour         | 5 |  5.8
Stealth        | 3 4 |  4.2

Action                     |  1- 3 |  4- 6 |  7- 9 || total
---------------------------+-------+-------+-------++-------
  Melee: Falchion          |   104 |    86 |    73 ||   263
         Bite              |     9 |     5 |    12 ||    26
         Punch             |       |     2 |     3 ||     5
  Throw: Dart              |       |     3 |     8 ||    11
         Boomerang         |       |       |    34 ||    34
   Cast: Stone Arrow       |       |       |    37 ||    37
  Evoke: Wand              |       |     6 |       ||     6
    Use: Potion            |       |     2 |     5 ||     7
         Scroll            |       |       |     1 ||     1
   Stab: Sleeping          |     1 |     1 |       ||     2
 Armour: Scale mail        |    28 |       |       ||    28
         Leather armour    |    14 |    20 |    43 ||    77
         Ring mail         |     3 |       |       ||     3
  Dodge: Dodged            |    33 |    43 |    76 ||   152

Table legend: (Time is in decaauts)
 A = Elapsed time spent in this place.
 B = Non-inter-level travel time spent in this place.
 C = Inter-level travel time spent in this place.
 D = Time resting spent in this place.
 E = Time spent auto-exploring this place.
 F = Levels seen in this place.
 G = Mean time per level.
                   A        B        C        D        E       F      G
               +--------+--------+--------+--------+--------+-----+--------+
         Total |   4177 |   4059 |    118 |    676 |   2354 |   5 |  835.4 |
       Dungeon |   4177 |   4059 |    118 |    676 |   2354 |   5 |  835.4 |
               +--------+--------+--------+--------+--------+-----+--------+

Top non-repeatable levels by time:
     D:1: 1061 daAuts
     D:2: 1042 daAuts
     D:3: 989 daAuts
     D:4: 777 daAuts
     D:5: 306 daAuts
